AoeStats
← TikiRat420

Fortress

507217465Analyzed
3v3 RM · 14d ago on Sep 17, 2026· 60m 22s· 6 players
Game mode
Random Map
Map size
Large (8 player)
Population
200
Speed
Normal
Resources
Standard
Victory
Conquest
Starting age
Dark Age
Ending age
Imperial Age
RankedLock teamsTeams togetherTeam positionsShared explorationLock speedFull tech treeHidden civsTurbo modeCheats
Victory
Defeat
🇨🇦 Britons · Canada
1047
+16
🇨🇳 Huns · China
1035
+16
🇦🇺 Koreans · Australia
1022
+17
🇺🇸 Mongols · United States
1111
-20
🇺🇸 Goths · United States
1055
-17
🇺🇸 Khmer · United States
946
-12
holuonganhduc
8:07 Feudal Age
8:32 Double-Bit Axe
8:31 Horse Collar
14:45 Castle Age
13:02 Gold Mining
13:06 Stone Mining
15:00 Fletching
15:13 Padded Archer Armor
16:02 Bodkin Arrow
16:30 Bow Saw
17:30 Loom
20:40 Heavy Plow
21:21 Wheelbarrow
20:32 Town Watch
20:58 Caravan
22:15 Leather Archer Armor
23:30 Forging
23:20 Scale Mail Armor
27:16 Imperial Age
28:22 Yeomen
27:31 Elite Longbowman
28:54 Conscription
29:50 Two-Man Saw
30:03 Chemistry
29:23 Ballistics
28:52 Treadmill Crane
30:15 Scale Barding Armor
30:11 Bracer
31:25 Ring Archer Armor
31:39 Gold Shaft Mining
32:08 Iron Casting
33:24 Light Cavalry
34:05 Husbandry
35:04 Chain Barding Armor
35:45 Blast Furnace
36:29 Plate Barding Armor
36:48 Hoardings
40:33 Hand Cart
52:53 Chain Mail Armor
57:34 Squires
57:48 Pikeman
58:13 Gambesons
59:45 Plate Mail Armor
59:43 Halberdier
Angusjack
8:09 Feudal Age
9:41 Loom
12:39 Double-Bit Axe
15:47 Castle Age
19:32 Bow Saw
19:03 Horse Collar
19:16 Gold Mining
21:40 Wheelbarrow
20:50 Town Watch
26:54 Imperial Age
24:42 Pikeman
25:09 Gambesons
25:25 Squires
26:46 Scale Mail Armor
28:16 Gold Shaft Mining
28:06 Forging
28:19 Heavy Plow
28:00 Capped Ram
28:47 Man-at-Arms
29:50 Long Swordsman
30:32 Two-Handed Swordsman
31:44 Conscription
32:25 Hand Cart
33:02 Iron Casting
32:13 Champion
33:04 Elite Fire Lancer
33:31 Arson
35:10 Chain Mail Armor
36:44 Chemistry
36:05 Ballistics
35:26 Treadmill Crane
35:56 Masonry
35:33 Arrowslits
35:51 Eupseong
40:40 Plate Mail Armor
40:01 Fletching
39:35 Halberdier
49:45 Town Patrol
56:30 Fortified Wall
56:51 Architecture
56:17 Murder Holes
59:04 Bodkin Arrow
59:19 Siege Engineers
Dark
8:21 Feudal Age
12:07 Castle Age
10:12 Horse Collar
11:27 Double-Bit Axe
16:20 Scale Barding Armor
16:27 Forging
17:44 Gold Mining
20:42 Chain Barding Armor
22:02 Bloodlines
21:52 Husbandry
22:44 Husbandry
26:41 Bow Saw
35:19 Imperial Age
33:49 Loom
34:40 Wheelbarrow
33:51 Town Watch
37:17 Plate Barding Armor
37:18 Iron Casting
36:09 Cavalier
38:05 Two-Man Saw
38:19 Gold Shaft Mining
38:17 Hand Cart
38:27 Conscription
38:11 Heavy Plow
38:24 Paladin
43:38 Blast Furnace
42:30 Fletching
44:22 Caravan
45:39 Guilds
47:14 Stone Mining
58:23 Bodkin Arrow
58:29 Padded Archer Armor
X ReC0rDS
8:18 Feudal Age
13:36 Castle Age
11:56 Double-Bit Axe
22:37 Padded Archer Armor
22:40 Scale Mail Armor
22:05 Pikeman
29:06 Imperial Age
27:16 Ballistics
28:35 Scale Barding Armor
31:17 Chemistry
31:06 Double Crossbow
31:47 Elite Ballista Elephant
43:06 Chain Barding Armor
FreakyZ
7:01 Feudal Age
10:40 Castle Age
9:59 Double-Bit Axe
9:57 Horse Collar
13:37 Bow Saw
14:03 Loom
18:09 Town Watch
18:38 Heavy Plow
19:30 Stone Mining
20:53 Wheelbarrow
20:39 Gold Mining
22:09 Forging
22:01 Scale Mail Armor
21:44 Pikeman
24:49 Iron Casting
26:07 Fletching
26:15 Elite Skirmisher
28:20 Bodkin Arrow
29:09 Squires
31:41 Fortified Wall
32:15 Gold Shaft Mining
32:35 Hand Cart
33:52 Ballistics
37:01 Imperial Age
34:55 Padded Archer Armor
36:39 Leather Archer Armor
36:40 Chain Mail Armor
36:33 Scale Barding Armor
37:15 Town Patrol
37:35 Bloodlines
37:29 Husbandry
38:26 Bracer
39:30 Chemistry
38:41 Masonry
39:01 Elite Steppe Lancer
40:08 Chain Barding Armor
40:49 Blast Furnace
40:33 Light Cavalry
41:21 Hussar
47:47 Heavy Camel Rider
53:46 Caravan
TikiRat420
7:48 Feudal Age
12:18 Castle Age
11:55 Horse Collar
14:47 Double-Bit Axe
17:15 Loom
18:05 Wheelbarrow
19:06 Squires
21:07 Heavy Plow
21:18 Bow Saw
21:16 Anarchy
21:16 Pikeman
24:06 Forging
23:57 Scale Mail Armor
28:34 Iron Casting
28:15 Chain Mail Armor
36:46 Imperial Age
48:39 Halberdier
Connection lost

Rejoining the realm…

Still unreachable

The connection could not be restored.

Session expired

The server has moved on; the page needs a fresh start.